 Dungeon Crawl Stone Soup version 0.31-a0-971-g75a2e9a4b4 (webtiles) character file.

Game seed: 3840483070986084958

65 porpoise the Shooter (level 4, -2/34 HPs)
             Began as a Human Hunter on Oct 29, 2023.
             Slain by Sigmund
             ... wielding a +0 scythe
              (5 damage)
             ... on level 3 of the Dungeon.
             The game lasted 00:05:55 (1772 turns).

porpoise the Shooter (Human Hunter)                 Turns: 1772, Time: 00:05:55

Health: -2/34      AC:  6    Str: 11    XL:     4   Next: 34%
Magic:  4/4        EV: 12    Int:  9    God:
Gold:   162        SH:  0    Dex: 19    Spells: 3/3 levels left

rFire   . . .        a - +0 shortbow
rCold   . . .        (shield currently unavailable)
rNeg    . . .        c - +0 leather armour
rPois   .            (no helmet)
rElec   .            k - +0 cloak
rCorr   .            o - +1 Delatra's gloves {ID++}
SInv    .            (no boots)
Will    .....        (no amulet)
Stlth   ++           (no ring)
HPRegen 0.25/turn    (no ring)
MPRegen 0.09/turn

%: no passive effects
@: no status effects
A: no striking features
a: no special abilities


You were on level 3 of the Dungeon.
You visited 1 branch of the dungeon, and saw 3 of its levels.

You collected 162 gold pieces.

Inventory:

Hand Weapons
 a - a +0 shortbow (weapon)
Armour
 c - a +0 leather armour (worn)
 k - a +0 cloak (worn)
 o - the +1 Delatra's gloves (worn) {ID++}
   (You found it on level 3 of the Dungeon)

   ID++:      It heals its wearer when they drink unknown potions, and restores
   their MP when they read unknown scrolls.
Jewellery
 i - an amulet of magic regeneration
Scrolls
 b - a scroll of butterflies
 d - a scroll of enchant armour {unknown}
 e - a scroll of enchant weapon {unknown}
 f - a scroll of vulnerability {unknown}
 h - 3 scrolls of teleportation
 m - a scroll of immolation
Potions
 g - a potion of mutation
 j - a potion of attraction
 l - a potion of cancellation
 n - a potion of resistance {unknown}


   Skills:
 + Level 2.9 Fighting
 * Level 5.1 Ranged Weapons
 - Level 2.0 Dodging
 - Level 1.0 Stealth


You had 3 spell levels left.
You didn't know any spells.
Your spell library was empty.

Dungeon Overview and Level Annotations

Branches:
Dungeon (3/15)

Altars:
Ashenzari

Shops:
D:3 (

Annotations:
D:3 Sigmund


Message History

You feel less confused. Something barely misses you.
Fire: a) +0 shortbow
Press: ? - help, Q - select action Shift-Dir - straight line You shoot an arrow.
Something hits you but does no damage.
Fire: a) +0 shortbow
Press: ? - help, Q - select action Shift-Dir - straight line You shoot an arrow.
Fire: a) +0 shortbow
Press: ? - help, Q - select action Shift-Dir - straight line You shoot an arrow.
Something hits you but does no damage.
Fire: a) +0 shortbow
Press: ? - help, Q - select action Shift-Dir - straight line You shoot an arrow.
Something hits you but does no damage.
Fire: a) +0 shortbow
Press: ? - help, Q - select action Shift-Dir - straight line You shoot an arrow.
A magic dart appears from out of thin air!
The magic dart hits you!
Fire: a) +0 shortbow
Press: ? - help, Q - select action Shift-Dir - straight line You shoot an arrow.
A magic dart appears from out of thin air!
The magic dart hits you.
Fire: a) +0 shortbow
Press: ? - help, Q - select action Shift-Dir - straight line You shoot an arrow.
Something hits you.
You hear some strange, mumbled words.
A magic dart appears from out of thin air!
The magic dart hits you!
* * * LOW HITPOINT WARNING * * *
Fire: a) +0 shortbow
Press: ? - help, Q - select action Shift-Dir - straight line You shoot an arrow.
Something hits you.
You die...

#.# #.# #.# #.# ..#
#.###.# #.# ....#.##..#
#.# #.#.#.##.## #$#
#.#......#######.#######
#.###..>...............#
#.##########.#
#####.........##{#
....)..######.##@#
#####(#######.##.#
..............##.#####.#
######.######..........#
#.# #.##[#######
###.######.##.#
#.............#
##########.#### #.#


There were no monsters in sight!

Vanquished Creatures
  An adder (D:3)
  A worm (D:3)
  A dart slug (D:2)
  7 endoplasms
  3 giant cockroaches
  7 hobgoblins
  6 quokkas
  2 ball pythons
  6 bats
  4 frilled lizards
  5 kobolds
  3 rats
46 creatures vanquished.

Notes
Turn   | Place    | Note
-------+----------+-------------------------------------------
     0 | D:1      | porpoise the Human Hunter began the quest for the Orb.
     0 | D:1      | Reached XP level 1. HP: 16/16 MP: 1/1
   134 | D:1      | Reached XP level 2. HP: 22/22 MP: 2/2
   377 | D:1      | Reached XP level 3. HP: 28/28 MP: 3/3
  1153 | D:3      | Found a broken altar of Ashenzari.
  1177 | D:3      | Found a faded altar of an unknown god.
  1263 | D:3      | Reached XP level 4. HP: 17/34 MP: 4/4
  1341 | D:3      | Reached skill level 5 in Ranged Weapons
  1417 | D:3      | Found the +1 Delatra's gloves {ID++}
  1526 | D:3      | Found Saileydd's Antique Weapon Boutique.
  1747 | D:3      | Noticed Sigmund
  1772 | D:3      | Slain by Sigmund

Illustrated notes

Levels and vault maps discovered:
D:1:      nicolae_arrival_memento_mori, layout_loops_ring
D:2:      layout_basic
D:3:      layout_basic, ashenzari_altar_1, hellmonk_ecumenical_altar_blasted,
          serial_shops, nicolae_diamond_shop, uniq_sigmund

Skill      XL: |  1  2  3  4 |
---------------+-------------+-----
Ranged Weapons | 5 |  5.1
Fighting       | |  2.9
Dodging        | |  2.0
Stealth        | |  1.0

Action                     |  1- 3 |  4- 6 || total
---------------------------+-------+-------++-------
   Fire: Shortbow          |   107 |    43 ||   150
    Use: Scroll            |     4 |       ||     4
 Armour: Leather armour    |    23 |    21 ||    44
  Dodge: Dodged            |    20 |     3 ||    23

Table legend: (Time is in decaauts)
 A = Elapsed time spent in this place.
 B = Non-inter-level travel time spent in this place.
 C = Inter-level travel time spent in this place.
 D = Time resting spent in this place.
 E = Time spent auto-exploring this place.
 F = Levels seen in this place.
 G = Mean time per level.
                   A        B        C        D        E       F      G
               +--------+--------+--------+--------+--------+-----+--------+
         Total |   1803 |   1767 |     36 |     65 |   1387 |   3 |  601.0 |
       Dungeon |   1803 |   1767 |     36 |     65 |   1387 |   3 |  601.0 |
               +--------+--------+--------+--------+--------+-----+--------+

Top non-repeatable levels by time:
     D:1: 651 daAuts
     D:3: 643 daAuts
     D:2: 509 daAuts
